 Dungeon Crawl Stone Soup version 0.28.0-45-g0d030f2227 (webtiles) character file.

Game seed: 9420250840424688653

651 101zpm the Magician (level 7, -21/46 HPs)
             Began as a Djinni Ice Elementalist on Apr 13, 2022.
             Killed from afar by an orc (45 damage)
             ... with a bolt of acid
             ... on level 5 of the Dungeon.
             The game lasted 00:16:38 (6617 turns).

101zpm the Magician (Djinni Ice Elementalist)       Turns: 6617, Time: 00:16:40

Health: -21/46     AC:  2    Str:  7    XL:     7   Next: 83%
Gold:   170        EV: 12    Int: 18    God:
                   SH:  0    Dex: 14

rFire   + + .      SeeInvis .   (no weapon)
rCold   x . .      Faith    .   (no shield)
rNeg    . . .      Spirit   .   u - +2 leather armour "Bidevuf" {Fly rElec Regen+}
rPois   ∞          Reflect  .   r - +0 helmet
rElec   +          Harm     .   (no cloak)
rCorr   .          Rampage  .   (no gloves)
Will    .....                   (boots unavailable)
Stlth   ++........              (no amulet)
HPRegen 0.95/turn               (no ring)
MPRegen 0.00/turn               (no ring)

@: corroded, freezing walls, flying
A: sickness immunity, fire resistance 2, cold vulnerability 1, float, innate
caster, HP casting, extra vitality 1
a: no special abilities


You were on level 5 of the Dungeon.
You visited 1 branch of the dungeon, and saw 5 of its levels.

You collected 170 gold pieces.

Inventory:

Hand Weapons
 x - a +2 dagger of draining
 y - a +2 hunting sling of freezing
Missiles
 j - 91 stones
 k - 19 arrows
 w - 6 sling bullets
Armour
 a - a +0 robe
 r - a +0 helmet (worn)
 u - the +2 leather armour "Bidevuf" (worn) {Fly rElec Regen+}
   (You found it on level 3 of the Dungeon)

   rElec:     It insulates you from electricity.
   Fly:       It grants you flight.
   Regen:     It increases your rate of health regeneration.
Jewellery
 e - a ring of protection from fire
 f - a +6 ring of strength
Wands
 n - a wand of polymorph (12)
Scrolls
 b - 2 scrolls of fear {unknown}
 c - a scroll of fog {unknown}
 g - a scroll of magic mapping {unknown}
 i - 3 scrolls of identify {unknown}
 m - 3 scrolls of enchant weapon {unknown}
 p - a scroll of teleportation {unknown}
 q - a scroll of blinking {unknown}
 t - a scroll of holy word {unknown}
Potions
 d - a potion of might {unknown}
 h - 2 potions of lignification {unknown}
 l - a potion of cancellation {unknown}
 o - 3 potions of degeneration {unknown}
 s - a potion of ambrosia {unknown}
 v - a potion of mutation {unknown}


   Skills:
 + Level 0.4 Fighting
 + Level 0.7 Armour
 + Level 3.4 Dodging
 + Level 2.4 Stealth
 + Level 0.2 Unarmed Combat
 + Level 6.3 Spellcasting


You had one spell level left.
You knew the following spells:

 Your Spells              Type           Power      Damage    Failure   Level
a - Freeze                Ice            100%       1d11      1%          1
b - Frozen Ramparts       Ice            56%        1d7       3%          3
c - Ozocubu's Armour      Ice            28%        N/A       3%          3
d - Hailstorm             Conj/Ice       28%        3d8       12%         4
e - Beastly Appendage     Tmut           56%        N/A       1%          1
f - Ensorcelled Hibernat  Hex/Ice        56%        N/A       1%          2
g - Call Canine Familiar  Summ           28%        N/A       3%          3
Your spell library was empty.

Dungeon Overview and Level Annotations

Branches:
Dungeon (5/15)
 Temple: D:4-7

Altars:


Innate Abilities, Weirdness & Mutations

You are immune to sickness and miasma.
You are immune to poison.
Your flesh is very heat resistant. (rF++)
You are vulnerable to cold. (rC-)
You float through the air rather than walking.
You learn spells naturally, not from books.
Your magical power is your life essence.
You have superior vitality. (+4 MHP)


Message History

Confirm with . or Enter, or press ? or * to list all spells.
Casting: Frozen Ramparts (dangerous; 3% risk of failure)
Press: ? - help, Dir - look around, f - activate The walls around you are covered in ice.
The orc shouts!
An orc comes into view.
It is wielding a +0 club and carrying a wand of acid (7).
Your hound misses the orc.
The wall freezes the orc.
The orc barely misses you.
The wall freezes the orc.
The orc closely misses your hound.
The wall freezes the orc.
You kill the orc!
The wall freezes the orc.
You kill the orc!
Your hound closely misses the orc.
The orc zaps a wand.
The bolt of acid hits your hound!! The acid corrodes your hound!
Your hound dies!
Your hound's corpse disappears in a puff of smoke!
Casting: Frozen Ramparts (dangerous; 3% risk of failure)
Confirm with . or Enter, or press ? or * to list all spells.
The wall freezes the orc.
You kill the orc!
The wall freezes the orc.
The wall freezes the orc.
The orc barely misses you.
The orc zaps a wand.
The bolt of acid hits your hound!! The acid corrodes your hound!
Your hound dies!
Your hound's corpse disappears in a puff of smoke!
The bolt of acid hits the orc!!
The orc dies!
The bolt of acid hits you! The acid corrodes you!
Casting: Call Canine Familiar (dangerous; 3% risk of failure)
Confirm with . or Enter, or press ? or * to list all spells.
Your hound bites the orc.
Your hound closely misses the orc.
The orc misses your hound.
Your hound completely misses the orc.
The orc zaps a wand.
The bolt of acid hits your hound!!! The acid corrodes your hound!
Your hound dies!
Your hound's corpse disappears in a puff of smoke!
The bolt of acid hits you!!!
Ouch! That really hurt!
You die...

................#...#.# ##
........##..........##.####.
.......##..........##......
........#..##.####.#.......
.........##### #....#.#...
##.....### ###.#.......
##..#...### #...#.......
..........######...#.......
.......o§)@...#............
........)#..#.............#
........######...........(#
..>......# ##.........###
..##......# #.........### .
...#....# ##.......###.
o....#.#..# ####....# ##
.... .. .## ##..## ## ....
.. ## ##.####.


You could see an orc.

Vanquished Creatures
  Sigmund (D:2)
  A water moccasin (D:5)
  An ogre (D:5)
  Natasha (thrice) (D:2)
  An orc wizard (D:5)
  Robin (D:2)
  2 adders
  An ufetubus (D:5)
  2 dart slugs (D:2)
  9 orcs
  6 bats
  An endoplasm (D:4)
  2 giant cockroaches (D:1)
  14 goblins
  6 hobgoblins
  6 jackals
  2 quokkas
  4 ball pythons
  4 frilled lizards
  5 kobolds
  3 rats
75 creatures vanquished.

Vanquished Creatures (collateral kills)
  A water moccasin skeleton (D:5)
  A hound (D:5)
  An ufetubus (D:5)
3 creatures vanquished.

Vanquished Creatures (others)
  An orc (D:5)
  3 demonic plants (D:1)
  2 fungi (D:1)
  3 plants (D:1)
  4 withered plants (D:1)
13 creatures vanquished.

Grand Total: 91 creatures vanquished

Notes
Turn   | Place    | Note
-------+----------+-------------------------------------------
     0 | D:1      | 101zpm the Djinni Ice Elementalist began the quest for the
                  | Orb.
     0 | D:1      | Reached XP level 1. HP: 15/15 MP: 0/0
   103 | D:1      | Found a faded altar of an unknown god.
   295 | D:1      | Reached XP level 2. HP: 17/21 MP: 0/0
  1258 | D:1      | Reached XP level 3. HP: 19/25 MP: 0/0
  1258 | D:1      | Learned a level 1 spell: Beastly Appendage
  2270 | D:2      | Noticed Natasha
  2295 | D:2      | Killed Natasha
  2296 | D:2      | Reached skill level 4 in Spellcasting
  2296 | D:2      | Reached XP level 4. HP: 3/31 MP: 0/0
  2567 | D:2      | Noticed Robin
  2580 | D:2      | Killed Robin
  2836 | D:2      | Noticed Natasha
  2845 | D:2      | Killed Natasha
  2846 | D:2      | Reached XP level 5. HP: 22/35 MP: 0/0
  2846 | D:2      | Learned a level 2 spell: Ensorcelled Hibernation
  2984 | D:2      | Noticed Sigmund
  3000 | D:2      | Killed Sigmund
  3001 | D:2      | Reached skill level 5 in Spellcasting
  3001 | D:2      | Reached XP level 6. HP: 20/40 MP: 0/0
  3189 | D:2      | Noticed Natasha
  3198 | D:2      | Killed Natasha
  4663 | D:3      | Identified the +2 leather armour "Bidevuf" {Fly rElec
                  | Regen+}
  5476 | D:5      | Entered Level 5 of the Dungeon
  5476 | D:5      | Noticed an ogre
  5483 | D:5      | Killed an ogre
  5484 | D:5      | Reached XP level 7. HP: 37/45 MP: 0/0
  5484 | D:5      | Learned a level 3 spell: Call Canine Familiar
  5637 | D:5      | Reached skill level 6 in Spellcasting
  6299 | D:5      | Noticed a water moccasin
  6306 | D:5      | Killed a water moccasin
  6617 | D:5      | Killed from afar by an orc

Illustrated notes

Levels and vault maps discovered:
D:1:      dpeg_arrival_radiant, layout_loops_corners,
          shapermc_ecumenical_altar_gd
D:2:      layout_basic, uniq_natasha, uniq_robin, uniq_sigmund
D:3:      layout_basic
D:4:      layout_rooms, nicolae_vehumet_radiance, serial_undead,
          serial_undead_b, serial_undead_a, serial_undead_d, serial_undead_e
D:5:      layout_cave_pools, temple_green, kennysheep_cluttered_room

Skill      XL: |  1  2  3  4  5  6  7 |
---------------+----------------------+-----
Spellcasting   | 4 5 6 |  6.3
Dodging        | 3 |  3.4
Stealth        | 2 |  2.4
Fighting       | |  0.4
Armour         | |  0.7
Unarmed Combat | |  0.2

Action                   |  1- 3 |  4- 6 |  7- 9 || total
-------------------------+-------+-------+-------++-------
Melee: Unarmed           |     7 |     5 |       ||    12
 Cast: Freeze            |    32 |    11 |     9 ||    52
       Frozen Ramparts   |     9 |    24 |     7 ||    40
       Ozocubu's Armour  |     1 |     9 |     1 ||    11
       Beastly Appendage |     1 |     2 |       ||     3
       Hailstorm         |       |     1 |       ||     1
       Ensorcelled Hiber |       |    17 |     7 ||    24
       Call Canine Famil |       |       |     6 ||     6
Armor: Robe              |     3 |     6 |       ||     9
       Leather armour    |       |     5 |     7 ||    12
Dodge: Dodged            |    38 |    33 |     8 ||    79
